 Dungeon Crawl Stone Soup version 0.23-a0-484-g29ba69c (webtiles) character file.

516633 Amnesiac the Imperceptible (level 24, -4/147 HPs)
             Began as a Spriggan Enchanter on Nov 30, 2018.
             Was an Initiate of Gozag.
             Killed from afar by a white draconian (22 damage)
             ... with a chilling blast
             ... on level 3 of the Realm of Zot on Dec 1, 2018.
             The game lasted 02:52:43 (67682 turns).

Amnesiac the Imperceptible (Spriggan Enchanter)    Turns: 67682, Time: 02:52:43

Health: -4/147     AC:  9    Str:  4    XL:     24   Next: 2%
Magic:  43/43      EV: 33    Int: 25    God:    Gozag
Gold:   18113      SH: 16    Dex: 25    Spells: 2/53 levels left

rFire    + + .     SeeInvis +   b - +7 captain's cutlass {speed, disarm}
rCold    . . .     Gourm    .   K - +2 buckler of Trog's Righteous Anger {Dex-5 Slay+6 Stlth+}
rNeg     . . .     Faith    .   J - +2 robe {rC+ rF+}
rPois    +         Spirit   .   v - +2 hat
rElec    +         Reflect  +   R - +2 cloak {rPois}
rCorr    .         Harm     .   (gloves unavailable)
MR       ++++.                  (boots unavailable)
Stlth    ++++++++++             M - +5 amulet of reflection
HPRegen  0.34/turn              w - ring "Qyreerr" {Fire rElec Str-2 Dex+9}
MPRegen  0.28/turn              D - +6 ring of slaying

@: lethally poisoned (-4 -> -6), gold aura, very quick
A: very small, unfitting armour, horns 1, see invisible, clever 1, herbivore,
speed 3, slow metabolism 2, strong 1
}: 3/15 runes: decaying, abyssal, gossamer
a: Potion Petition, Call Merchant, Bribe Branch, Renounce Religion


You were on level 3 of the Realm of Zot.
You worshipped Gozag.
Gozag was extremely pleased with you.
You were very full.

You visited 9 branches of the dungeon, and saw 44 of its levels.
You visited the Abyss 1 time.
You also visited: Ossuary, Bailey, Ice Cave and Wizlab.

You collected 27544 gold pieces.
You spent 5091 gold pieces at shops.
You paid 4340 gold pieces to Gozag.

Inventory:

Hand Weapons
 a - a +9 quick blade of electrocution
 b - the +7 captain's cutlass (weapon) {speed, disarm}
   (You bought it in a shop on level 2 of the Orcish Mines)

   Attacks with this weapon are significantly faster.
 l - a +4 blowgun
Missiles
 i - 13 curare-tipped needles
 j - 1144 arrows
 X - 3 needles of confusion
Armour
 v - a +2 hat (worn)
 J - a +2 robe of resistance (worn)
 K - the +2 buckler of Trog's Righteous Anger (worn) {Dex-5 Slay+6 Stlth+}
   (You bought it in a shop on level 2 of the Orcish Mines)

   It affects your dexterity (-5).
   It affects your accuracy and damage with ranged weapons and melee attacks
   (+6).
   It makes you more stealthy.
 R - a +2 cloak of poison resistance (worn)
Jewellery
 w - the ring "Qyreerr" (left hand) {Fire rElec Str-2 Dex+9}
   (You found it on level 7 of the Dungeon)

   [ring of fire]

   It enhances your fire magic.
   It affects your strength (-2).
   It affects your dexterity (+9).
   It protects you from fire.
   It makes you vulnerable to cold.
   It insulates you from electricity.
 D - a +6 ring of slaying (right hand)
 E - the ring of the Madman {MR+ Int+5 Dex+2}
   (You took it off Boris on level 5 of the Depths)

   [ring of protection from magic]

   It affects your intelligence (+5).
   It affects your dexterity (+2).
   It affects your resistance to hostile enchantments.
 M - a +5 amulet of reflection (around neck)
Wands
 r - a wand of iceblast (22)
 x - a wand of disintegration (63)
 y - a wand of enslavement (17)
 G - a wand of acid (16)
 H - a wand of clouds (6)
 I - a wand of scattershot (3)
 N - a wand of digging (11)
 W - a wand of paralysis (29)
Scrolls
 f - 4 scrolls of enchant armour {!r}
 k - 2 scrolls of summoning {!r}
 o - 6 scrolls of blinking {!r}
 p - 6 scrolls of fog {!r}
 s - 22 scrolls of remove curse {!r}
 u - 19 scrolls of teleportation {!r}
 A - 31 scrolls of identify {!r}
 L - 3 scrolls of magic mapping {!r}
 P - 5 scrolls of vulnerability {!r}
 T - 10 scrolls of fear {!r}
Potions
 c - 13 potions of curing {!q}
 d - 2 potions of cancellation {!q}
 e - 7 potions of brilliance {!q}
 h - 6 potions of might {!q}
 n - 3 potions of magic {!q}
 q - 2 potions of mutation {!q}
 z - 8 potions of agility {!q}
 O - 6 potions of flight {!q}
 Q - 3 potions of heal wounds {!q}
 V - 2 potions of resistance {!q}
 Z - 2 potions of haste {!q}
Miscellaneous
 m - a lightning rod (4/4)
 t - 3 sacks of spiders
 C - a fan of gales
 F - a lamp of fire
 S - a phial of floods (inert)
 Y - a box of beasts
Comestibles
 g - 39 rations


   Skills:
 * Level 22.0 Fighting
 - Level 14.0 Short Blades
 - Level 14.0 Throwing
 - Level 13.0 Dodging
 - Level 26.0 Stealth
 - Level 7.2 Shields
 - Level 15.0 Spellcasting
 - Level 4.0 Conjurations
 - Level 10.0 Hexes
 - Level 10.0 Charms
 - Level 8.0 Transmutations
 - Level 4.0 Air Magic
 - Level 4.0 Earth Magic
 - Level 8.0 Evocations


You had 2 spell levels left.
You knew the following spells:

 Your Spells              Type           Power        Failure   Level  Hunger
a - Ensorcelled Hibernat  Hex/Ice        #####.       1%          2    None
b - Passwall              Tmut/Erth      #####...     1%          2    None
c - Darkness              Hex            ######....   8%          6    ####...
d - Dazzling Spray        Conj/Hex       ######       1%          3    None
e - Confuse               Hex            ######..     1%          3    None
f - Apportation           Tloc           ###...       3%          1    None
g - Irradiate             Conj/Tmut      #####.....   7%          5    ##.....
h - Deflect Missiles      Chrm/Air       ######....   26%         6    ####...
i - Borgnjor's Vile Clut  Necr/Erth      ####......   34%         5    ##.....
j - Sticks to Snakes      Tmut           ######..     1%          2    None
q - Yara's Violent Unrav  Hex/Tmut       ######....   1%          5    ##.....
s - Silence               Hex/Air        ######....   4%          5    ##.....
v - Blink                 Tloc           N/A          4%          2    None
w - Tukima's Dance        Hex            ######..     1%          3    None
z - Confusing Touch       Hex            ######       1%          1    None

Your spell library contained the following spells:

 Spells                   Type           Power        Failure   Level  Hunger
 Beastly Appendage        Tmut           ######       1%          1    None
 Corona                   Hex            ######.      1%          1    None
 Flame Tongue             Conj/Fire      #####        1%          1    None
 Sandblast                Erth           #####.       1%          1    None
 Sting                    Conj/Pois      ####         1%          1    None
 Poisonous Vapours        Pois/Air       ####..       1%          2    None
 Swiftness                Chrm/Air       ######..     1%          2    None
 Throw Frost              Conj/Ice       ####..       1%          2    None
 Animate Skeleton         Necr           N/A          3%          1    None
 Freeze                   Ice            ###.         3%          1    None
 Summon Small Mammal      Summ           ###.         3%          1    None
 Corpse Rot               Necr           N/A          4%          2    None
 Sublimation of Blood     Necr           ###.......   4%          2    None
 Spider Form              Tmut/Pois      #####.....   1%          3    None
 Stone Arrow              Conj/Erth      #####.       1%          3    None
 Cause Fear               Hex            ######....   1%          4    None
 Leda's Liquefaction      Hex/Erth       ######....   1%          4    None
 Petrify                  Tmut/Erth      #####...     2%          4    None
 Ignite Poison            Fire/Tmut/Pois #####...     3%          3    None
 Mephitic Cloud           Conj/Pois/Air  ####....     3%          3    None
 Blade Hands              Tmut           ######....   3%          5    ##.....
 Iskenderun's Battlesphe  Conj/Chrm      ######..     4%          5    ##.....
 Ice Form                 Ice/Tmut       #####...     5%          4    None
 Invisibility             Hex            ######..     8%          6    ####...
 Gell's Gravitas          Tloc           ###.......   9%          3    None
 Lesser Beckoning         Tloc           ###.......   9%          3    None
 Recall                   Summ/Tloc      N/A          9%          3    None
 Excruciating Wounds      Chrm/Necr      #####.....   11%         5    ##.....
 Metabolic Englaciation   Hex/Ice        #####.....   11%         5    ##.....
 Alistair's Intoxication  Tmut/Pois      #####...     16%         5    ##.....
 Lee's Rapid Deconstruct  Erth           #####.....   16%         5    ##.....
 Hydra Form               Tmut           ######....   17%         6    ####...
 Bolt of Magma            Conj/Fire/Erth #####.....   26%         5    ##.....
 Olgreb's Toxic Radiance  Pois           ###.....     28%         4    None
 Passage of Golubria      Tloc           N/A          28%         4    None
 Summon Ice Beast         Ice/Summ       ###.....     28%         4    None
 Bolt of Draining         Conj/Necr      ####......   34%         5    ##.....
 Venom Bolt               Conj/Pois      ####......   34%         5    ##.....
 Statue Form              Tmut/Erth      #####....    36%         6    ####...
 Agony                    Necr           ###.....     63%         5    ##.....
 Dispel Undead            Necr           ###.....     63%         5    ##.....
 Summon Forest            Summ/Tloc      ###.......   63%         5    ##.....
 Iron Shot                Conj/Erth      #####.....   65%         6    ####...
 Dragon Form              Tmut           ######....   67%         7    ######.
 Bolt of Cold             Conj/Ice       ####......   89%         6    ####...
 Bolt of Fire             Conj/Fire      #####.....   89%         6    ####...
 Discord                  Hex            ######....   97%         8    #######
 Dispersal                Tloc           ###.......   99%         6    ####...
 Ozocubu's Refrigeration  Ice            ###.......   99%         6    ####...
 Shadow Creatures         Summ           N/A          99%         6    ####...
 Simulacrum               Ice/Necr       ###.......   99%         6    ####...
 Orb of Destruction       Conj           #####.....   99%         7    ######.
 Malign Gateway           Summ/Tloc      ###.......   100%        7    ######.
 Monstrous Menagerie      Summ           ###.......   100%        7    ######.
 Spellforged Servitor     Conj/Summ      ####......   100%        7    ######.
 Summon Greater Demon     Summ           ###.......   100%        7    ######.
 Controlled Blink         Tloc           N/A          100%        8    #######
 Summon Horrible Things   Summ           ###.......   100%        8    #######
 Dragon's Call            Summ           ###.......   100%        9    #######
 Shatter                  Erth           #####.....   100%        9    #######
 Tornado                  Air            #####.....   100%        9    #######


Dungeon Overview and Level Annotations

Branches:
Dungeon (15/15)            Temple (0/1) D:6            Lair (6/6) D:8
  Swamp (4/4) Lair:3       Spider (4/4) Lair:4        Slime (0/5) Lair:6
    Orc (2/2) D:12            Elf (3/3) Orc:2        Vaults (0/5) D:14
 Depths (5/5) D:15           Hell (1/1)                 Zot (4/5) Depths:5
    Dis: Hell:1         Geh: Hell:1         Coc: Hell:1         Tar: Hell:1

Altars:
Dithmenos
Gozag
Hepliaklqana
Makhleb
Nemelex Xobeh
Okawaru
Qazlal
Ru
Sif Muna
Trog
Uskayaw
Wu Jian
Xom
Jiyva

Shops:
D:7 }   Orc:2 (%[=([   Elf:1 [   Elf:3 *   Zot:1 [   Depths:2 }=}   Depths:5 [[

Portals:
Hell: Depths:1 Depths:2 Depths:3 Depths:4 Depths:5
Abyss: Depths:4
Pandemonium: Depths:1 Depths:3 Depths:4 Depths:5
Ziggurat: Depths:3
Trove: D:15 (give 7 potions of haste)

Annotations:
Hell Geryon


Innate Abilities, Weirdness & Mutations

You are very small and have problems with some larger weapons.
You are too small for most types of armour.
You have supernaturally acute eyesight. (SInv)
You are a herbivore.
You cover ground extremely quickly.
You need to consume almost no food.
You have a pair of small horns on your head.
Your mind is acute. (Int +2)
Your muscles are strong. (Str +2)


Message History

There is a stone staircase leading down here.
You can't go up here!
The black draconian roars!
You hear a roar! x2
There is an open door here.
A purple draconian comes into view.
It is wielding a +4 flail of protection.
The black draconian breathes lightning at you.
The bolt of lightning misses you.
The purple draconian roars!
You hear a roar! x2
A moth of wrath comes into view.
The moth of wrath's fur bristles in rage as it notices you.
You hear a deafening roar!
A green draconian comes into view. It is wielding a +0 mace.
The green draconian breathes poison at you.
The blast of poison engulfs you!
You are poisoned.
You resist.
* * * LOW HITPOINT WARNING * * *
You feel sick.
A black draconian comes into view. It is wielding a +0 dire flail.
You found a Zot trap!
You feel sick.
The purple draconian is engulfed in poison gas.
The purple draconian is poisoned.
The purple draconian breathes dispelling energy at you.
The bolt of dispelling energy misses you.
You hear a distant "Zot"!
Really quaff
Q - 4 potions of heal wounds {!q}?
You feel much better.
You feel sick.
Your +9 quick blade of electrocution stops crackling.
Your hands tingle!
b - the +7 captain's cutlass (weapon)
{speed, disarm} The black draconian is engulfed in poison gas.
The black draconian is poisoned.
You impale the black draconian!!
The captain's cutlass flashes!
You lacerate the black draconian!!
The black draconian's +0 dire flail falls to the floor!
The black draconian is heavily wounded.
You puncture the black draconian! You headbutt the black draconian.
The black draconian is severely wounded.
You feel sick.
You impale the black draconian!!
The black draconian is almost dead.
The black draconian breathes lightning at you.
The bolt of lightning misses you. The bolt of lightning hits you! You resist.
* * * LOW HITPOINT WARNING * * *
The bolt of lightning hits the black draconian.
The black draconian completely resists.
You impale the black draconian!!
You kill the black draconian!
Your Fighting skill increases to level 22!
You puncture the purple draconian!
The captain's cutlass flashes!
You lacerate the purple draconian!!
The purple draconian's +4 flail of protection falls to the floor!
You headbutt the purple draconian!
The purple draconian is severely wounded.
The purple draconian breathes dispelling energy at you.
The bolt of dispelling energy hits you!
* * * LOW HITPOINT WARNING * * *
You puncture the purple draconian! You headbutt the purple draconian!
The purple draconian is almost dead.
The purple draconian dies!
The white draconian breathes frost at you.
The chilling blast hits you!
You die...
Your body crumbles into a pile of gold.

,,** ,** **** *,,*
######* *#### *******
,,**
##...#.##*...#**,,,*,**
,**
#...#...##...##.,,*,,,*
**
##.d#....^.♣...#,,*,,,*
*
#.##§##$$.....#.**,**,*
*
#..y#§§#@..d...#,,*,,**
*
#...#§§######..#,,*,,,*
*
**,#d###....##,***,,,**
* *#§#......q.#,,*,,,**
**#....#####d#$,*,,,***
#.....##.'...#,,*,,,,,*
#..⌠..#..#.>d#,,*,,8,.*
#.....#.)#...q.#*,,,.,*
###.d.#..#'#####,,,.#**


You could see a white draconian.

Vanquished Creatures
  Boris (Depths:5)
  Saint Roka (Depths:5)
  5 caustic shrikes (Depths:5)
  5 golden dragons
  the Enchantress (Depths:1)
  Arachne (Spider:2)
  3 tentacled monstrosities
  2 liches
  2 quicksilver dragons
  2 deep elf blademasters (Elf:3)
  A sphinx (Depths:5)
  An eldritch tentacle (Depths:4)
  A tentacled starspawn (Abyss:3)
  A death cob (Zot:1)
  2 shadow dragons
  Gastronok (Lair:2)
  5 storm dragons
  Kirke (Spider:3)
  4 thorn hunters
  Roxanne (Spider:2)
  2 tengu reavers
  2 azure jellies (Depths:4)
  A draconian monk (Depths:4)
  7 fire giants
  An iron dragon (Depths:4)
  3 draconian knights
  4 ghost moths
  Louise (D:14)
  10 frost giants
  3 emperor scorpions
  A balrug (Depths:3)
  3 deep elf sorcerers
  2 draconian stormcallers (Depths:4)
  10 deep elf elementalists
  An orc warlord (Elf:2)
  2 angels (Depths:3)
  A draconian shifter (Zot:1)
  2 draconian annihilators
  The ghost of Zuamen the Severer, a journeyman DDFi of Makhleb (Swamp:1)
  5 spriggan defenders
  22 very ugly things
  3 starcursed masses (Abyss:3)
  8 stone giants
  7 green draconians
  4 entropy weavers
  2 deep elf demonologists (Elf:3)
  2 black draconians (Zot:3)
  2 vampire knights
  Azrael (Spider:2)
  5 dire elephants (Lair:6)
  8 deep elf annihilators
  The ghost of Cewnone the Nimble, a journeyman SpBe of Trog (Depths:2)
  A yellow draconian (Depths:5)
  An orange crystal statue (WizLab)
  4 purple draconians
  A red draconian (Zot:1)
  6 spark wasps
  A white draconian (Depths:5)
  10 ettins
  A merfolk impaler (Depths:1)
  5 deep elf death magi
  2 blizzard demons (IceCv)
  Harold (D:8)
  7 ice dragons
  Josephine (D:14)
  3 deep elf high priests (Elf:3)
  Erolcha (D:11)
  9 fire dragons
  4 rakshasas
  8 vault guards (D:14)
  6 great orbs of eyes
  5 spriggan air magi
  4 centaur warriors
  5 yaktaur captains
  24 hydras
  2 catoblepae
  A ghost crab (Swamp:3)
  4 shambling mangroves
  Erica (Orc:1)
  8 ogre magi
  An anaconda (Lair:6)
  3 death yaks (Lair:6)
  An anaconda (shapeshifter) (Depths:2)
  A queen ant (Spider:1)
  11 alligators
  A dancing weapon (Elf:2)
  18 two-headed ogres
  4 tengu warriors
  6 deep troll earth magi
  4 deep troll shamans
  4 orc high priests
  7 spriggan berserkers
  2 hell knights
  17 deep elf knights
  Urug (Orc:1)
  A wretched star (Abyss:3)
  3 shock serpents (Depths:4)
  An iron troll (Depths:2)
  A fire crab (shapeshifter) (Depths:2)
  2 death drakes
  10 deep trolls
  2 salamander mystics
  13 swamp dragons
  A spark wasp zombie (Depths:3)
  3 unseen horrors
  6 wizards
  A glowing orange brain (Depths:1)
  9 orc knights
  3 flayed ghosts
  10 deep elf archers
  Pikel (D:8)
  46 deep elf magi
  4 lindwurms (Depths:4)
  2 spectral hydras (Swamp:3)
  7 orb spiders
  25 wolf spiders
  2 necromancers
  2 oklob plants (Depths:4)
  A phantasmal warrior (Swamp:3)
  19 ugly things
  5 orc sorcerers
  A cyclops (D:13)
  5 large abominations (Abyss:3)
  5 manticores
  An iron dragon skeleton (Depths:3)
  7 salamanders
  The ghost of Lavandula the Martial Artist, a novice OpHu (D:7)
  14 elephants
  13 moths of wrath
  A fire giant zombie (Depths:3)
  A rust devil (Abyss:3)
  5 ice statues
  4 naga magi (Depths:4)
  4 black mambas
  An apocalypse crab (Abyss:3)
  16 spiny frogs
  A spiny frog (shapeshifter) (Depths:2)
  3 smoke demons
  2 gargoyles (Depths:4)
  3 torpor snails (Swamp:1)
  6 swamp worm zombies (Swamp:3)
  A freezing wraith (Abyss:3)
  8 rime drakes
  6 komodo dragons
  14 yaktaurs
  A yaktaur (shapeshifter) (Depths:3)
  6 demonic crawlers
  A kobold demonologist (D:15)
  An anaconda simulacrum (IceCv)
  12 ice devils
  A golden dragon simulacrum (IceCv)
  3 hellwings
  36 jumping spiders
  A tengu conjurer (Depths:2)
  A polar bear (Lair:6)
  A harpy zombie (D:14)
  6 trolls
  An ancient zyme (Abyss:3)
  A hornet (shapeshifter) (Depths:3)
  11 meliai
  2 queen bees
  15 tyrant leeches
  20 hornets
  A raiju (Abyss:3)
  44 slime creatures
  2 alligator zombies (Swamp:3)
  20 blink frogs
  18 bog bodies
  2 harpy skeletons
  17 hippogriffs
  4 spectral swamp dragons (Swamp:3)
  4 shadows
  5 wyverns
  4 spriggans
  Sigmund (D:4)
  26 tarantellas
  A flying skull (Abyss:3)
  90 redbacks
  12 water elementals
  6 air elementals
  6 hogs
  2 dire elephant simulacra (IceCv)
  A spriggan (shapeshifter) (D:13)
  8 wraiths
  11 basilisks
  3 tyrant leech zombies (Swamp:3)
  A golden eye (shapeshifter) (Abyss:3)
  48 yaks
  A hungry ghost (D:10)
  6 fire elementals
  25 soldier ants (Spider:1)
  2 iron troll simulacra (IceCv)
  9 insubstantial wisps
  2 small abominations (Abyss:3)
  8 vampire mosquitoes
  A soldier ant (shapeshifter) (D:15)
  20 swamp worms
  3 acid dragons
  4 harpy simulacra (IceCv)
  2 wargs
  13 water moccasins
  2 spatial vortices (Depths:4)
  4 spiny frog zombies (Swamp:3)
  2 hell hounds (Spider:2)
  A black bear (shapeshifter) (Elf:2)
  10 porcupines
  21 swamp drakes
  43 orc warriors
  4 slaves
  8 ice beasts
  5 sky beasts
  2 black mamba simulacra (Depths:4)
  6 phantoms
  2 black bears
  A necrophage (D:10)
  46 wolves
  A hornet zombie (D:12)
  3 boggarts (D:15)
  3 fire dragon simulacra (Depths:4)
  An eye of draining (D:9)
  4 centaurs
  9 crocodiles
  19 ogres
  4 big kobolds
  15 bullfrogs
  6 earth elementals
  A wyvern skeleton (D:13)
  4 scorpions
  2 spriggan zombies (Swamp:3)
  31 killer bees
  An elephant simulacrum (Depths:4)
  A troll zombie (Swamp:3)
  12 wights
  A vampire bat (Depths:4)
  6 howler monkeys
  9 electric eels
  3 centaur zombies
  5 crimson imps
  4 hounds
  3 quasits
  3 bullfrog zombies
  23 orc priests
  6 jellies
  An iron imp (Depths:1)
  Crazy Yiuf (D:5)
  7 centaur skeletons
  A bullfrog skeleton (D:5)
  Terence (D:3)
  4 iguanas
  21 orc wizards
  A troll simulacrum (Depths:4)
  4 lightning spires (Depths:4)
  23 worker ants
  2 hound skeletons (D:5)
  A howler monkey zombie (D:11)
  Robin (D:3)
  8 gnolls
  A howler monkey skeleton (D:4)
  8 adders
  A hound simulacrum (D:7)
  A naga simulacrum (Depths:4)
  2 shadow imps
  5 white imps
  An ufetubus (Depths:4)
  6 oozes
  An adder skeleton (D:4)
  3 adder zombies
  3 worms
  2 dart slugs
  An adder simulacrum (D:7)
  8 leopard geckos
  107 orcs
  2 giant cockroaches
  18 goblins
  7 hobgoblins
  11 jackals
  7 quokkas
  A ball python skeleton (Ossuary)
  9 bats
  8 frilled lizards
  19 kobolds
  2 kobold zombies (Ossuary)
  A leopard gecko skeleton (D:7)
  3 orc skeletons (Ossuary)
  An orc zombie (Ossuary)
  9 rats
  4 plants
1896 creatures vanquished.

Vanquished Creatures (collateral kills)
  A very ugly thing (Depths:2)
  An iron troll (Depths:3)
  A meliai (D:15)
  An orc (Depths:5)
  A fungus (Lair:6)
5 creatures vanquished.

Vanquished Creatures (others)
  2 deep elf master archers (Elf:3)
  A green draconian (Zot:3)
  A purple draconian (Zot:3)
  25 dancing weapons
  A redback (Spider:2)
  An elf skeleton (Depths:3)
  A warg (Depths:5)
  A ball lightning (Depths:4)
  An orc (Orc:2)
  2 briar patches (Swamp:1)
  25 fungi
  A lurking horror (Abyss:3)
  23 plants
  2 starspawn tentacles (Abyss:3)
  5 withered plants (Swamp:3)
92 creatures vanquished.

Grand Total: 1993 creatures vanquished

Notes
Turn   | Place    | Note
-------+----------+-------------------------------------------
     0 | D:1      | Amnesiac the Spriggan Enchanter began the quest for the
                  | Orb.
     0 | D:1      | Reached XP level 1. HP: 9/9 MP: 5/5
    99 | D:1      | Reached XP level 2. HP: 13/13 MP: 4/6
   131 | D:1      | Learned a level 2 spell: Ensorcelled Hibernation
   482 | D:2      | Reached skill level 5 in Stealth
   692 | D:2      | Reached XP level 3. HP: 13/16 MP: 5/8
   697 | D:2      | Learned a level 3 spell: Confuse
   725 | D:2      | Found an iron altar of Okawaru.
   741 | D:2      | Found a bloodstained altar of Trog.
   818 | D:3      | Noticed Sigmund
   831 | D:3      | Found a burning altar of Makhleb.
   993 | D:3      | Noticed Terence
  1002 | D:3      | Killed Terence
  1002 | D:3      | Reached XP level 4. HP: 19/21 MP: 4/9
  1012 | D:3      | Learned a level 3 spell: Tukima's Dance
  1042 | D:3      | Reached skill level 6 in Stealth
  1432 | D:4      | Killed Sigmund
  1432 | D:4      | Reached skill level 7 in Stealth
  1432 | D:4      | Reached XP level 5. HP: 16/24 MP: 10/10
  1530 | D:5      | Entered Level 5 of the Dungeon
  1559 | D:4      | Reached XP level 6. HP: 28/28 MP: 11/11
  1575 | D:4      | Noticed Robin
  1907 | D:3      | Killed Robin
  2631 | D:5      | Reached skill level 5 in Dodging
  2690 | D:5      | Found a deep blue altar of Sif Muna.
  2707 | D:5      | Found an ornate altar of the Wu Jian Council.
  3029 | D:5      | Found an opulent altar of Gozag.
  3047 | D:5      | Got a crude whip
  3067 | D:5      | Became a worshipper of Gozag Ym Sagoz the Greedy
  3150 | D:5      | Found a sparkling altar of Nemelex Xobeh.
  3254 | D:5      | Found a bloodstained altar of Trog.
  3495 | D:5      | Found a runed door.
  3553 | D:5      | Noticed Crazy Yiuf
  3560 | D:5      | Killed Crazy Yiuf
  3560 | D:5      | Reached XP level 7. HP: 32/32 MP: 12/12
  4462 | D:3      | Reached skill level 5 in Short Blades
  6386 | D:6      | Found a hazy altar of Hepliaklqana.
  6432 | D:6      | Found a shimmering altar of Xom.
  6632 | D:6      | Gained mutation: Your muscles are strong. (Str +2) [potion
                  | of mutation]
  6632 | D:6      | Gained mutation: Your mind is acute. (Int +2) [potion of
                  | mutation]
  6632 | D:6      | Gained mutation: You have a pair of small horns on your
                  | head. [potion of mutation]
  6738 | D:6      | Reached XP level 8. HP: 12/36 MP: 4/13
  7139 | D:6      | Found a staircase to the Ecumenical Temple.
  7247 | D:6      | Reached skill level 8 in Stealth
  7712 | D:6      | Reached skill level 1 in Fighting
  7909 | D:7      | Noticed Lavandula's ghost (novice OpHu)
  8022 | D:7      | Found a runed gate.
  8022 | D:7      | Found a runed gate.
  8022 | D:7      | Found a runed gate.
  8028 | D:7      | Found a sand-covered staircase.
  8154 | Ossuary  | Entered an ossuary
  8297 | Ossuary  | Noticed a flying skull
  8322 | Ossuary  | Noticed a flying skull
  8322 | Ossuary  | Noticed a flying skull
  8344 | Ossuary  | Noticed a flying skull
  8345 | Ossuary  | Noticed a flying skull
  8430 | Ossuary  | Reached skill level 9 in Stealth
  8598 | Ossuary  | Reached skill level 5 in Hexes
  8598 | Ossuary  | Reached XP level 9. HP: 44/44 MP: 16/16
  8603 | Ossuary  | Learned a level 3 spell: Dazzling Spray
  8771 | D:7      | Found a transporter.
  8850 | D:7      | Found a transporter.
  8896 | D:7      | Found a stormy altar of Qazlal.
  9143 | D:7      | Found Pishu's Gadget Shoppe.
  9179 | D:7      | Reached skill level 5 in Spellcasting
  9188 | D:7      | Found a hide-covered altar of Uskayaw.
  9188 | D:7      | Found a shimmering altar of Xom.
  9191 | D:7      | Reached skill level 10 in Stealth
  9276 | D:7      | Found a sacrificial altar of Ru.
  9422 | D:7      | Killed Lavandula's ghost
  9456 | D:7      | Got the ring "Qyreerr" {Fire}
  9462 | D:7      | Identified the ring "Qyreerr" {Fire rElec Str-2 Dex+9} (You
                  | found it on level 7 of the Dungeon)
  9607 | D:8      | Reached skill level 11 in Stealth
  9669 | D:8      | Noticed Harold
  9705 | D:8      | Noticed Pikel
 10025 | D:8      | Found a staircase to the Lair.
 10089 | D:8      | Reached XP level 10. HP: 49/49 MP: 21/21
 10481 | D:8      | Killed Pikel
 10481 | D:8      | Reached skill level 12 in Stealth
 10576 | D:8      | Killed Harold
 11104 | D:8      | Reached skill level 10 in Dodging
 11112 | D:8      | Reached skill level 13 in Stealth
 11511 | D:9      | Noticed a two-headed ogre
 11519 | D:9      | Killed a two-headed ogre
 11564 | D:9      | Reached XP level 11. HP: 52/52 MP: 23/23
 12104 | D:10     | Entered Level 10 of the Dungeon
 12129 | D:10     | Reached skill level 10 in Hexes
 12935 | D:11     | Reached skill level 14 in Stealth
 13283 | D:11     | Got a bloodstained falchion
 13398 | D:11     | Noticed an unseen horror
 13403 | D:11     | Killed an unseen horror
 13455 | D:11     | Noticed an unseen horror
 13462 | D:11     | Killed an unseen horror
 13462 | D:11     | Reached skill level 5 in Fighting
 13501 | D:11     | Noticed Erolcha
 13508 | D:11     | Killed Erolcha
 13532 | D:11     | Identified the +5 falchion "Yggolonte" {flame, rC+} (You
                  | found it on level 11 of the Dungeon)
 13633 | D:12     | Noticed a two-headed ogre
 13641 | D:12     | Killed a two-headed ogre
 14101 | D:12     | Reached XP level 12. HP: 60/64 MP: 25/25
 14236 | D:12     | Found a staircase to the Orcish Mines.
 14863 | D:13     | Found a shimmering altar of Xom.
 14863 | D:13     | Found a shimmering altar of Xom.
 14863 | D:13     | Found a shimmering altar of Xom.
 14863 | D:13     | Found a shimmering altar of Xom.
 14863 | D:13     | Found a shimmering altar of Xom.
 14871 | D:13     | Found a shimmering altar of Xom.
 14871 | D:13     | Found a shimmering altar of Xom.
 15001 | D:13     | Identified a scroll of acquirement {!r}
 15890 | D:14     | Noticed a centaur warrior
 15896 | D:14     | Killed a centaur warrior
 15896 | D:14     | Reached skill level 10 in Fighting
 15909 | D:14     | Noticed a centaur warrior
 15914 | D:14     | Killed a centaur warrior
 15914 | D:14     | Reached skill level 1 in Evocations
 16184 | D:14     | Noticed Josephine
 16216 | D:14     | Killed Josephine
 16216 | D:14     | Reached skill level 15 in Stealth
 16489 | D:14     | Noticed a catoblepas
 16495 | D:14     | Killed a catoblepas
 16536 | D:14     | Noticed a five-headed hydra
 16543 | D:14     | Killed a five-headed hydra
 16603 | D:14     | Found a hazy altar of Hepliaklqana.
 16707 | D:14     | Reached XP level 13. HP: 72/72 MP: 26/26
 16752 | D:14     | Found a gate to the Vaults.
 16766 | D:14     | Reached skill level 16 in Stealth
 16766 | D:14     | Reached skill level 5 in Evocations
 17180 | D:14     | Reached skill level 17 in Stealth
 17375 | D:14     | Noticed Louise
 17392 | D:14     | Killed Louise
 17551 | D:15     | Entered Level 15 of the Dungeon
 17576 | D:15     | Reached skill level 1 in Shields
 17810 | D:15     | Found a staircase to the Depths.
 17841 | D:15     | Found an opulent altar of Gozag.
 18546 | D:15     | Reached skill level 5 in Shields
 18647 | D:15     | Reached XP level 14. HP: 77/77 MP: 27/27
 18787 | D:15     | Found a portal to a secret trove of treasure.
 19125 | Orc:1    | Entered Level 1 of the Orcish Mines
 19172 | Orc:2    | Entered Level 2 of the Orcish Mines
 19184 | Orc:2    | Noticed a stone giant
 19227 | Orc:1    | Noticed Urug
 19246 | Orc:1    | Noticed Erica
 19264 | Orc:1    | Killed Urug
 19271 | Orc:1    | Killed Erica
 19477 | Orc:1    | Found a flagged portal.
 19487 | Bailey   | Entered a bailey
 20245 | Orc:2    | Found a staircase to the Elven Halls.
 20886 | Orc:2    | Killed a stone giant
 21746 | Orc:2    | Found Yrhado's Jewellery Shoppe.
 21782 | Orc:2    | Reached skill level 18 in Stealth
 22064 | Orc:2    | Found Toicsap's Antique Armour Shoppe.
 22066 | Orc:2    | Found Ymabbiur's Food Boutique.
 22066 | Orc:2    | Found Iduunet's Antique Weapon Boutique.
 22274 | Orc:2    | Bought a steaming robe for 228 gold pieces
 22284 | Orc:2    | Identified the cursed +0 robe of Orastrux {rElec rF+++
                  | rCorr Str-5} (You bought it in a shop on level 2 of the
                  | Orcish Mines)
 22284 | Orc:2    | Lost strength.
 22334 | Orc:2    | Bought a glowing rapier for 175 gold pieces
 22346 | Orc:2    | Bought the +7 captain's cutlass {speed, disarm} for 1188
                  | gold pieces
 22346 | Orc:2    | Found the +7 captain's cutlass {speed, disarm}
 22357 | Orc:2    | Bought a +6 ring of slaying for 2157 gold pieces
 22357 | Orc:2    | Bought a +5 amulet of reflection for 618 gold pieces
 22367 | Orc:2    | Bought the +2 buckler of Trog's Righteous Anger {Dex-5
                  | Slay+6 Stlth+} for 507 gold pieces
 22435 | Elf:1    | Entered Level 1 of the Elven Halls
 22667 | Elf:1    | Reached skill level 10 in Short Blades
 22999 | Elf:1    | Found Ixkeg's Armour Shoppe.
 23097 | Elf:1    | Noticed a deep elf sorcerer
 23102 | Elf:1    | Killed a deep elf sorcerer
 23106 | Elf:1    | Reached XP level 15. HP: 54/83 MP: 28/28
 24006 | Elf:2    | Found a runed gate.
 24006 | Elf:2    | Found a runed gate.
 24006 | Elf:2    | Found a runed gate.
 24107 | Elf:2    | Noticed an orc warlord
 24139 | Elf:2    | Killed an orc warlord
 24149 | Elf:3    | Identified a paperback manual
 24149 | Elf:3    | Entered Level 3 of the Elven Halls
 24316 | Elf:3    | Found Zeqa's General Store.
 24327 | Elf:3    | Found a frozen archway.
 24336 | IceCv    | Entered an ice cave
 26207 | Elf:3    | Reached skill level 19 in Stealth
 26292 | Elf:3    | Noticed a deep elf sorcerer
 26671 | Elf:3    | Found a deep blue altar of Sif Muna.
 26900 | Elf:3    | Noticed a deep elf sorcerer
 26905 | Elf:3    | Killed a deep elf sorcerer
 26916 | Elf:3    | Identified the cursed +0 war axe of Reinforcement {speed,
                  | *Contam Dex+4 Stlth+}
 26919 | Elf:3    | Reached XP level 16. HP: 39/88 MP: 29/29
 27174 | Elf:2    | Reached skill level 20 in Stealth
 28078 | Elf:2    | Reached skill level 21 in Stealth
 28143 | Elf:2    | Fell from the grace of Gozag
 28455 | D:15     | Became a worshipper of Gozag Ym Sagoz the Greedy
 28912 | Elf:3    | Noticed a deep elf blademaster
 28924 | Elf:3    | Noticed a deep elf master archer
 28926 | Elf:3    | Noticed a Tzitzimitl
 28937 | Elf:3    | Killed a deep elf blademaster
 29130 | Elf:3    | Noticed an Ice Fiend
 29130 | Elf:3    | Identified the cursed +0 chain mail "Omiread" {+Inv +Fly
                  | rN+ Str-4}
 29140 | Elf:3    | Noticed an Ice Fiend
 29525 | Elf:3    | Reached skill level 22 in Stealth
 29612 | Elf:3    | Noticed a deep elf blademaster
 30377 | Elf:3    | Killed a deep elf blademaster
 30466 | Elf:3    | Identified the Tome of Icy Clay
 30557 | Elf:3    | Noticed a deep elf master archer
 30569 | Elf:3    | Killed a deep elf master archer
 30636 | Elf:3    | Reached XP level 17. HP: 96/96 MP: 30/30
 30671 | Elf:3    | Killed a deep elf master archer
 30777 | Elf:3    | Got an iridescent hand crossbow
 31068 | Lair:1   | Entered Level 1 of the Lair of Beasts
 31798 | Lair:1   | Found a shadowy altar of Dithmenos.
 32131 | Lair:2   | Noticed Gastronok
 32155 | Lair:2   | Killed Gastronok
 32971 | Lair:2   | Learned a level 1 spell: Confusing Touch
 33467 | Lair:3   | Found a staircase to the Swamp.
 33664 | Lair:3   | Reached skill level 15 in Fighting
 35300 | Lair:4   | Found a hole to the Spider Nest.
 36780 | Lair:6   | Entered Level 6 of the Lair of Beasts
 36850 | Lair:6   | Found a viscous altar of Jiyva.
 36851 | Lair:6   | Found a staircase to the Slime Pits.
 37873 | Lair:6   | Learned a level 2 spell: Sticks to Snakes
 40053 | Elf:3    | Identified the +5 dagger "Vudoapnoi" {elec, *Rage rElec
                  | rC+++}
 40070 | Elf:3    | Reached skill level 1 in Transmutations
 40463 | Spider:1 | Entered Level 1 of the Spider Nest
 40628 | Spider:1 | Reached XP level 18. HP: 90/106 MP: 31/31
 41174 | Spider:1 | Reached skill level 5 in Transmutations
 42074 | Spider:2 | Noticed Arachne
 42206 | Spider:2 | Noticed Azrael
 42214 | Spider:2 | Killed Azrael
 42594 | Spider:2 | Killed Arachne
 42674 | Spider:2 | Noticed Roxanne
 42756 | Spider:2 | Killed Roxanne
 42765 | Spider:2 | Learned a level 5 spell: Yara's Violent Unravelling
 42772 | Spider:2 | Learned a level 6 spell: Darkness
 43467 | Spider:3 | Learned a level 5 spell: Silence
 43581 | Spider:3 | Reached skill level 23 in Stealth
 43632 | Spider:3 | HP: 5/107 [poisoned by a ghost moth]
 43640 | Spider:3 | HP: 5/107 [poisoned by a ghost moth]
 44306 | Spider:3 | Noticed Kirke
 44349 | Spider:3 | Killed Kirke
 44598 | Spider:3 | Learned a level 1 spell: Apportation
 45097 | Spider:4 | Entered Level 4 of the Spider Nest
 45136 | Spider:4 | Reached skill level 1 in Air Magic
 46219 | Spider:4 | Reached XP level 19. HP: 100/112 MP: 3/32
 46264 | Spider:4 | Got a gossamer rune of Zot
 46456 | Swamp:1  | Entered Level 1 of the Swamp
 47050 | Swamp:1  | Reached skill level 24 in Stealth
 47839 | Swamp:1  | Found a runed gate.
 47839 | Swamp:1  | Found a runed gate.
 47840 | Swamp:1  | Found a runed gate.
 47840 | Swamp:1  | Noticed Zuamen's ghost (journeyman DDFi)
 47922 | Swamp:1  | Killed Zuamen's ghost
 49879 | Swamp:3  | Reached skill level 25 in Stealth
 50332 | Swamp:4  | Entered Level 4 of the Swamp
 50530 | Swamp:4  | Reached skill level 1 in Conjurations
 51078 | Swamp:4  | Learned a level 5 spell: Irradiate
 51473 | Swamp:4  | Got a decaying rune of Zot
 52067 | Depths:1 | Entered Level 1 of the Depths
 52310 | Depths:1 | Reached XP level 20. HP: 113/119 MP: 31/34
 52482 | Depths:1 | Identified the +3 faerie dragon scales {rF+ rN+ rCorr}
 52482 | Depths:1 | Noticed the Enchantress
 52514 | Depths:1 | Killed the Enchantress
 52514 | Depths:1 | Reached skill level 10 in Spellcasting
 53028 | Depths:1 | Reached skill level 26 in Stealth
 53301 | Depths:1 | Found a gateway to Hell.
 53476 | Depths:1 | Found a one-way gate leading to the halls of Pandemonium.
 53732 | Hell     | Entered the Vestibule of Hell
 53732 | Hell     | Noticed Geryon
 56288 | Depths:2 | Found Zeypatae's Gadget Shoppe.
 56288 | Depths:2 | Found Ruekut's Jewellery Boutique.
 56289 | Depths:2 | Found Tixuor's Gadget Shoppe.
 56338 | Depths:2 | Found a runed door.
 56339 | Depths:2 | Found a shimmering altar of Xom.
 56339 | Depths:2 | Noticed Cewnone's ghost (journeyman SpBe)
 56340 | Depths:2 | Identified the +6 demon trident of Quplyow {chaos, +Fly
                  | rElec rN+ Int-5}
 56561 | Depths:2 | Killed Cewnone's ghost
 56567 | Depths:2 | Got an ichor-stained demon trident
 56754 | Depths:3 | Reached XP level 21. HP: 61/125 MP: 39/39
 57137 | Depths:3 | Found a magical portal.
 57142 | WizLab   | Entered Wucad Mu's Monastery
 57238 | WizLab   | Found the +9 staff of Wucad Mu {channel}
 57286 | WizLab   | Reached XP level 22. HP: 121/131 MP: 40/40
 57294 | WizLab   | Learned a level 6 spell: Deflect Missiles
 57446 | Depths:3 | Reached skill level 1 in Charms
 57501 | Depths:2 | Got a smoking quarterstaff
 57749 | Depths:3 | Reached skill level 5 in Charms
 57777 | Depths:3 | Found a gateway to a ziggurat.
 57938 | Depths:3 | Found a bloodstained altar of Trog.
 58090 | Depths:3 | HP: 3/131 [spriggan berserker/+0 quarterstaff (42)]
 59147 | Depths:3 | Reached skill level 10 in Charms
 59703 | Depths:4 | Got an ebony arbalest
 59751 | Depths:4 | Noticed a golden dragon
 59933 | Depths:4 | Noticed a golden dragon
 59943 | Depths:4 | Learned a level 5 spell: Borgnjor's Vile Clutch
 59947 | Depths:4 | Killed a golden dragon
 60022 | Depths:4 | Identified the Handbook of the Birds
 60610 | Depths:4 | Killed a golden dragon
 61104 | Depths:4 | Identified Lom Lobon's Catalogue of Translocation
 61121 | Depths:4 | Learned a level 2 spell: Blink
 61851 | Depths:4 | Reached skill level 15 in Spellcasting
 62204 | Depths:4 | Identified the Catalogue of Cold
 62383 | Depths:4 | Learned a level 2 spell: Passwall
 62383 | Depths:4 | Identified the Reference Book on Clay
 62535 | Depths:4 | Identified Iroffuf's Catalogue of Shape Shifting
 62641 | Depths:4 | Found a one-way gate to the infinite horrors of the Abyss.
 62679 | Depths:4 | Noticed a golden dragon
 62722 | Depths:4 | Killed a golden dragon
 62722 | Depths:4 | Reached XP level 23. HP: 135/140 MP: 40/43
 62743 | Depths:4 | Identified the Grimoire of Contamination
 62784 | Depths:4 | Got a polished morningstar
 62787 | Depths:4 | Got a slimy morningstar
 62790 | Depths:4 | Got an ancient war axe
 62793 | Depths:4 | Got a crude hunting sling
 62808 | Depths:4 | Got a dazzling mace
 62918 | Depths:4 | Voluntarily entered the Abyss.
 63112 | Abyss:3  | Reached skill level 1 in Throwing
 63139 | Abyss:3  | Found a corrupted altar of Lugonu.
 63206 | Abyss:3  | Reached skill level 1 in Earth Magic
 63215 | Abyss:3  | Got black opal-encrusted ice dragon scales
 63220 | Abyss:3  | Identified the +9 ice dragon scales "Loparuq" {+Inv rF-
                  | rC++ Str+2} (You found it on level 3 of the Abyss)
 63472 | Abyss:3  | Found a sparkling altar of Nemelex Xobeh.
 63539 | Abyss:3  | Lost strength.
 63568 | Abyss:3  | Got an abyssal rune of Zot
 63614 | Abyss:3  | Lost strength.
 63723 | Depths:4 | Escaped the Abyss
 63952 | Depths:5 | Entered Level 5 of the Depths
 63994 | Depths:5 | Reached skill level 5 in Throwing
 64082 | Depths:5 | Noticed Boris
 64083 | Depths:5 | Found Lyhef's Antique Armour Emporium.
 64083 | Depths:5 | Found Lialome's Armour Shoppe.
 64506 | Depths:5 | Found a gate to the Realm of Zot.
 64536 | Depths:5 | Noticed a caustic shrike
 64654 | Zot:1    | Entered Level 1 of the Realm of Zot
 64875 | Zot:2    | Reached skill level 10 in Throwing
 65173 | Depths:5 | Noticed a caustic shrike
 65175 | Depths:5 | Noticed a caustic shrike
 65178 | Depths:5 | Noticed a caustic shrike
 65200 | Depths:5 | Killed a caustic shrike
 65207 | Depths:5 | Killed a caustic shrike
 65215 | Depths:5 | Killed a caustic shrike
 65219 | Depths:5 | Killed a caustic shrike
 65220 | Depths:5 | Noticed a caustic shrike
 65245 | Depths:5 | Killed a caustic shrike
 65488 | Depths:5 | Identified the ring of the Madman {MR+ Int+5 Dex+2}
 65490 | Depths:5 | Noticed Saint Roka
 65522 | Depths:5 | Killed Boris
 65913 | Depths:5 | Killed Saint Roka
 66608 | Zot:1    | Bought an encrusted buckler for 218 gold pieces
 66620 | Zot:1    | Identified the +2 buckler of the Vacuum {Str+6} (You bought
                  | it in a shop on level 1 of the Realm of Zot)
 66703 | Zot:1    | Noticed an orb of fire
 66821 | Zot:2    | Noticed an orb of fire
 67572 | Zot:3    | Reached XP level 24. HP: 121/147 MP: 43/43
 67682 | Zot:3    | Killed from afar by a white draconian

Vault maps used:
D:1:      minmay_arrival_stair_chambers
D:2:      nicolae_overflow_hidden_temple, minmay_goblin_kobold_house
D:3:      first_ration, chequers_avenue, lemuel_tele_altar, uniq_sigmund,
          uniq_terence
D:4:      minmay_misc_feat_hallway, uniq_robin
D:5:      nemelex_xobeh_ov_fountains_minmay, old_standard_altar,
          nicolae_overflow_crystal_walls, overflow_temple_1_default,
          grunt_decor_fettered, trog_three_pillars_becter,
          uniq_crazy_yiuf_cottage
D:6:      kennysheep_little_box, minmay_temple_entry_stoned_glass, basic_altar
D:7:      gammafunk_steamed_eel, nicolae_ru_path_of_blood,
          amethyst_overflow_temple_binary, serial_shops, shop,
          gammafunk_ghost_icy, enter_ossuary_2, nicolae_qazlal_general_emergency
D:8:      minmay_lair_entry_grove, hangedman_little_slice_of_home, hex_large,
          grunt_ministairs_12, uniq_pikel, uniq_harold
D:11:     uniq_erolcha
D:12:     david_orc_1_choice
D:13:     nicolae_xom_altar_mimics
D:14:     erik_vaults_2, basic_altar, evilmike_butchery, uniq_louise,
          uniq_josephine
D:15:     hangedman_depths_entry_civil_slaughter, trove_entry_hex_spiral,
          nicolae_gozag_seed_capital
Lair:1:   basic_altar, serial_bayou_lake_a, infiniplex_staircase_pool
Lair:2:   regret_index_wax_grids, serial_bayou_ford_a, uniq_gastronok
Lair:3:   swamp_mist, chequers_serial_rivers_large_a,
          grunt_forest_large_clearings
Lair:4:   nicolae_spider_entry_tight_spaces, st_stairs_12
Lair:5:   minmay_lair_drake_nest
Lair:6:   due_jungle_book, slime_altar_1, eino_small_chamber_without_monster,
          nicolae_quartered_pool_super, disabler_island
Swamp:1:  ebering_ghost_rock_garden, nicolae_swamp_round_clearing, swamp_pool4,
          worms_lemuel
Swamp:2:  hangedman_swamp_ruin_wall, swamp_pool1
Swamp:3:  cheibrodos_swamp_mausoleum, evilmike_swamp_ruin_rubble_1
Swamp:4:  swamp_basic_johnstein, swamp_pool3
Spider:1: spider_trap, minivault_29
Spider:2: guppyfry_spider_mini_3, uniq_roxanne, uniq_arachne, uniq_azrael
Spider:3: uniq_kirke
Spider:4: spider_rune_water
Orc:1:    enter_bailey_6, uniq_urug, uniq_erica
Orc:2:    st_orc_elflike
Elf:1:    minmay_elf_arrival_circle, serial_shops, shop,
          minmay_elf_crystal_heptagon, lemuel_flamethrower_hall
Elf:2:    special_room
Elf:3:    grunt_elf_hall_diamonds, portal_ice_cave_entry_pillars_three,
          serial_shops, shop, basic_altar, patterned_corridor,
          grunt_megastairs_2
Depths:1: rand_demon_pan_entry_4, serial_bayou_pond_a, hell_entry, spider_trap,
          minmay_misc_feat_more_columns, kennysheep_doodads, wad_dig_loot,
          serial_bayou_shore_a, infiniplex_staircase_pool_lava, uniq_enchantress
Depths:2: kennysheep_cluttered_fort, ebering_ghost_xom, grunt_decor_one_mirror,
          hell_entry, infiniplex_staircase_pool_2, minmay_shop_grove,
          firewood_loft
Depths:3: hangedman_arrow_trap, enter_ziggurat_f, hell_entry,
          infiniplex_enter_wizlab_spiral, rand_demon_pan_entry_5,
          serial_bayou_pond_a, evilmike_spriggan_trog_shrine,
          infiniplex_staircase_diamond, serial_bayou_shore_b
Depths:4: gold_lair_mu, pan_entry, serial_hangedman_research,
          hangedman_research_quantum, hangedman_research_electronics,
          hangedman_research_thermodynamics, hangedman_research_metamorphosis,
          hangedman_research_geology, minmay_misc_feat_encased, hell_entry,
          abyss_entry, infiniplex_staircase_river
Depths:5: evilmike_zot_entry_basic, hangedman_decor_points, hellmouth_1,
          pan_entry, minmay_shoptagon, uniq_boris, uniq_saint_roka
Zot:3:    grunt_twist_and_shout
Zot:4:    st_stairs_10, zot_minivault_1
Abyss:2:  hangedman_abyss_shoalhut
Ossuary:  ossuary_due_cavern
Bailey:   bailey_polearm_1, bailey
IceCv:    ice_cave_tombish
WizLab:   wizlab_wucad

Skill      XL: |  1  2  3  4  5  6  7  8  9 10 11 12 13 14 15 16 17 18 19 20 21 22 23 24 |
---------------+-------------------------------------------------------------------------+-----
Spellcasting   | 3 4 7 8 9 13 15 | 15.0
Stealth        | 5 7 9 11 13 14 15 17 18 19 22 23 25 26 | 26.0
Hexes          | 4 5 7 9 10 | 10.0
Short Blades   | 2 4 6 8 10 14 | 14.0
Dodging        | 7 8 10 12 13 | 13.0
Fighting       | 3 7 10 11 12 13 16 17 18 19 21 22 | 22.0
Evocations     | 4 8 |  8.0
Shields        | 5 7 |  7.2
Transmutations | 3 8 |  8.0
Air Magic      | 3 4 |  4.0
Conjurations   | 3 4 |  4.0
Charms         | 10 | 10.0
Throwing       | 14 | 14.0
Earth Magic    | 4 |  4.0

Action                   |  1- 3 |  4- 6 |  7- 9 | 10-12 | 13-15 | 16-18 | 19-21 | 22-24 || total
-------------------------+-------+-------+-------+-------+-------+-------+-------+-------++-------
Melee: Dagger            |    74 |    94 |   753 |   458 |   393 |       |       |       ||  1772
       Unarmed           |       |       |     9 |       |       |       |       |       ||     9
       Headbutt          |       |       |    43 |    84 |   152 |   375 |   302 |   294 ||  1250
       Cutlass           |       |       |       |       |   352 |   284 |       |    85 ||   721
       Quick blade       |       |       |       |       |       |  1744 |  1333 |  1203 ||  4280
 Fire: Blowgun           |       |       |       |       |       |       |       |     6 ||     6
Throw: Throwing net      |       |       |       |       |       |       |       |     3 ||     3
 Cast: Corona            |     6 |       |       |       |       |       |       |       ||     6
       Ensorcelled Hiber |    20 |    47 |   114 |   159 |    35 |       |     5 |       ||   380
       Confuse           |       |    15 |    55 |    71 |   157 |    15 |    40 |    16 ||   369
       Dazzling Spray    |       |       |     4 |    16 |    52 |     6 |     2 |       ||    80
       Tukima's Dance    |       |       |       |       |     3 |       |     1 |     1 ||     5
       Confusing Touch   |       |       |       |       |       |     6 |    34 |    44 ||    84
       Yara's Violent Un |       |       |       |       |       |       |     2 |     1 ||     3
       Irradiate         |       |       |       |       |       |       |     1 |     1 ||     2
       Passwall          |       |       |       |       |       |       |       |    10 ||    10
       Blink             |       |       |       |       |       |       |       |     8 ||     8
       Deflect Missiles  |       |       |       |       |       |       |       |     2 ||     2
       Sticks to Snakes  |       |       |       |       |       |       |       |     2 ||     2
Invok: Potion Petition   |       |       |       |       |     2 |       |       |       ||     2
       Call Merchant     |       |       |       |       |     2 |       |       |     1 ||     3
       Renounce Religion |       |       |       |       |       |     1 |       |       ||     1
Evoke: Wand              |       |       |       |       |     1 |    21 |       |     6 ||    28
       Box of beasts     |       |       |       |       |       |       |       |     1 ||     1
       Fan of gales      |       |       |       |       |       |       |       |     1 ||     1
       Phial of floods   |       |       |       |       |       |       |       |     1 ||     1
  Use: Potion            |       |       |    12 |       |     2 |       |     2 |     6 ||    22
       Scroll            |       |       |     5 |    16 |     9 |    14 |     7 |    12 ||    63
 Stab: Sleeping          |    18 |    29 |    78 |   125 |    55 |    66 |    61 |    27 ||   459
       Confused          |       |     8 |    24 |    43 |    73 |    20 |    65 |    50 ||   283
       Distracted        |       |       |     3 |     7 |    11 |    52 |    21 |    33 ||   127
       Invisible         |       |       |     4 |     8 |    16 |       |     2 |       ||    30
       Held in net/web   |       |       |       |       |       |       |       |     3 ||     3
  Eat: Ration            |       |     5 |    10 |     2 |     7 |     9 |    10 |     6 ||    49
Armor: Robe              |     3 |     4 |    47 |     9 |     8 |    21 |    12 |    30 ||   134
       Skin              |       |       |    20 |       |       |       |       |       ||    20
Dodge: Dodged            |    56 |   109 |   581 |   343 |   393 |   550 |   332 |   396 ||  2760
       Deflected         |       |       |       |       |       |       |       |    14 ||    14
Block: Buckler           |       |       |       |       |   211 |   596 |   337 |   366 ||  1510
       Reflection        |       |       |       |       |    10 |    13 |    15 |    13 ||    51

Table legend:
 A = Non-vault XP
 B = Vault XP
 C = Vault XP percentage of total XP
 D = Non-vault monster count
 E = Vault monster count
 F = Vault count percentage of total count
                 A         B        C        D         E       F
            +---------+---------+-------+---------+---------+-------
      Total |  515990 |  352786 |  40.6 |    1211 |     707 |  36.9
            +---------+---------+-------+---------+---------+-------
        D:1 |      31 |       0 |   0.0 |      20 |       0 |   0.0
        D:2 |     136 |       5 |   3.5 |      30 |       3 |   9.1
        D:3 |     169 |      52 |  23.5 |      33 |       2 |   5.7
        D:4 |     263 |     238 |  47.5 |      20 |      10 |  33.3
        D:5 |     232 |      39 |  14.4 |      10 |       1 |   9.1
        D:6 |     886 |       0 |   0.0 |      19 |       0 |   0.0
        D:7 |    1048 |    1058 |  50.2 |      21 |      12 |  36.4
        D:8 |    1154 |    3886 |  77.1 |      19 |      23 |  54.8
        D:9 |    1980 |       0 |   0.0 |      13 |       0 |   0.0
       D:10 |    1473 |       0 |   0.0 |      17 |       0 |   0.0
       D:11 |    4470 |    1018 |  18.5 |      27 |       1 |   3.6
       D:12 |    5157 |     776 |  13.1 |      44 |       9 |  17.0
       D:13 |    4186 |       0 |   0.0 |      35 |       0 |   0.0
       D:14 |   10694 |   11367 |  51.5 |      33 |      15 |  31.2
       D:15 |   10589 |    5375 |  33.7 |      36 |       6 |  14.3
     Lair:1 |    5210 |       0 |   0.0 |      24 |       0 |   0.0
     Lair:2 |    4706 |    8325 |  63.9 |      21 |      47 |  69.1
     Lair:3 |   10020 |    3603 |  26.4 |      33 |      31 |  48.4
     Lair:4 |    6806 |    1282 |  15.9 |      24 |       6 |  20.0
     Lair:5 |    4234 |    1880 |  30.7 |      15 |       5 |  25.0
     Lair:6 |   13794 |    3142 |  18.6 |      25 |       8 |  24.2
    Swamp:1 |   19858 |    6558 |  24.8 |      37 |      20 |  35.1
    Swamp:2 |    8392 |       0 |   0.0 |      20 |       0 |   0.0
    Swamp:3 |   12026 |   10577 |  46.8 |      34 |      36 |  51.4
    Swamp:4 |    6577 |   24973 |  79.2 |      23 |      39 |  62.9
   Spider:1 |   17478 |    8236 |  32.0 |      55 |      45 |  45.0
   Spider:2 |    8220 |    9718 |  54.2 |      23 |      16 |  41.0
   Spider:3 |   15348 |    3192 |  17.2 |      39 |       6 |  13.3
   Spider:4 |   13647 |   18544 |  57.6 |      42 |      34 |  44.7
      Orc:1 |    4916 |    1567 |  24.2 |      42 |       2 |   4.5
      Orc:2 |    7098 |    7719 |  52.1 |      38 |      25 |  39.7
      Elf:1 |   20914 |    8640 |  29.2 |      29 |      14 |  32.6
      Elf:2 |   15081 |   28452 |  65.4 |      26 |      46 |  63.9
      Elf:3 |    6924 |   41841 |  85.8 |      13 |      31 |  70.5
   Depths:1 |   32572 |   12380 |  27.5 |      49 |      11 |  18.3
   Depths:2 |   57465 |    6251 |   9.8 |      67 |       5 |   6.9
   Depths:3 |   22830 |   26744 |  53.9 |      30 |      23 |  43.4
   Depths:4 |   47089 |   47949 |  50.5 |      39 |      77 |  66.4
   Depths:5 |   55805 |   25701 |  31.5 |      35 |      28 |  44.4
      Zot:1 |   18326 |       0 |   0.0 |      12 |       0 |   0.0
      Zot:2 |    9989 |       0 |   0.0 |       5 |       0 |   0.0
      Zot:3 |   14240 |    7795 |  35.4 |       9 |       9 |  50.0
    Abyss:1 |     409 |       0 |   0.0 |       1 |       0 |   0.0
    Abyss:3 |   13548 |    2015 |  12.9 |      24 |       6 |  20.0
    Ossuary |       0 |     559 | 100.0 |       0 |      13 | 100.0
     Bailey |       0 |    1153 | 100.0 |       0 |      16 | 100.0
      IceCv |       0 |    8959 | 100.0 |       0 |      25 | 100.0
     WizLab |       0 |    1217 | 100.0 |       0 |       1 | 100.0
            +---------+---------+-------+---------+---------+-------
